 Dungeon Crawl Stone Soup version 0.21-a0-364-gbd1fde4 (webtiles) character file.

732 vishdafish the Grave Robber (level 7, -11/62 HPs)
             Began as a Deep Dwarf Necromancer on Oct 14, 2017.
             Splashed by Pikel's acid (15 damage)
             ... on level 4 of the Dungeon.
             The game lasted 00:14:48 (4960 turns).

vishdafish the Grave Robber (DDNe)                  Turns: 4960, Time: 00:14:48

Health: -11/62     AC:  8    Str: 12    XL:     7   Next: 45%
Magic:  10/11      EV: 12    Int: 17    God:
Gold:   164        SH:  0    Dex: 13    Spells: 8/12 levels left

rFire    . . .     SeeInvis .   p - +0 war axe (flame)
rCold    . . .     Gourm    .   (no shield)
rNeg     + . .     Faith    .   B - +1 ring mail {rN+}
rPois    .         Spirit   .   (no helmet)
rElec    .         Reflect  .   k - +1 cloak
rCorr    .         Harm     .   n - +1 pair of gloves
MR       +....                  q - +0 pair of boots
Stlth    +.........             (no amulet)
HPRegen  0.00/turn              o - ring of wizardry (curse)
MPRegen  0.12/turn              (no ring)

@: corroded, non-regenerating
A: damage resistance, heal wounds, sense surroundings 1, no regeneration
a: Heal Wounds


You were on level 4 of the Dungeon.
You were not hungry.

You visited 1 branch of the dungeon, and saw 4 of its levels.
You also visited: Sewer.

You collected 164 gold pieces.

Inventory:

Hand Weapons
 p - a +0 war axe of flaming (weapon)
Armour
 a - a +0 robe
 k - a +1 cloak (worn)
 n - a +1 pair of gloves (worn)
 q - a +0 pair of boots (worn)
 B - a +1 ring mail of positive energy (worn)
Jewellery
 o - a cursed ring of wizardry (left hand)
Scrolls
 d - 2 scrolls of teleportation {unknown}
 f - 2 scrolls of fog {unknown}
 g - a scroll of enchant weapon {unknown}
 h - 4 scrolls of identify {unknown}
 i - a scroll of magic mapping {unknown}
 l - 2 scrolls of immolation {unknown}
 s - a scroll of remove curse {unknown}
 w - a scroll of blinking {unknown}
 y - 3 scrolls of recharging {unknown}
Potions
 e - 4 potions of curing {unknown}
 r - a potion of haste {unknown}
 t - a potion of flight {unknown}
 u - a potion of might {unknown}
 v - a potion of berserk rage {unknown}
 z - a potion of mutation {unknown}
Books
 b - a book of Necromancy

   Spells                             Type                      Level
   a - Pain                           Necromancy                   1
   b - Animate Skeleton               Necromancy                   1
   c - Vampiric Draining              Necromancy                   3
   d - Regeneration                   Charms/Necromancy            3
   e - Animate Dead                   Necromancy                   4
   f - Control Undead                 Necromancy                   4
Comestibles
 c - 2 bread rations
 j - 2 meat rations
 m - 2 fruits
 x - a royal jelly


   Skills:
 - Level 3.2 Fighting
 * Level 4.4 Axes
 * Level 3.2 Armour
 + Level 4.3 Dodging
 - Level 2.4 Stealth
 - Level 3.0 Spellcasting
 + Level 4.8 Necromancy


You had 8 spell levels left.
You knew the following spells:

 Your Spells              Type           Power        Failure   Level  Hunger
a - Pain                  Necr           ###.         1%          1    None
b - Vampiric Draining     Necr           ###.......   6%          3    ###....


Dungeon Overview and Level Annotations

Branches:
Dungeon (4/15)
 Temple: D:4-7

Altars:

Annotations:
D:4 Pikel


Innate Abilities, Weirdness & Mutations

You are resistant to damage.
You can heal yourself by infusing magical energy.
You passively map a small area around you.
You do not regenerate.


Message History

Pikel says, "You'll fetch a fair price!"
You see here a smoky golden potion.
Casting: Vampiric Draining
Confirm with . or Enter, or press ? or * to list all spells.
Okay, then.
Casting: Vampiric Draining
Confirm with . or Enter, or press ? or * to list all spells.
Aiming: Pain
Press: ? - help, Shift-Dir - straight line, f - Pikel
Aim: Pikel, wielding a whip of freezing and wearing a robe (chance to defeat MR: 78%) Pikel writhes in agony!
Pikel zaps a wand.
The bolt of acid hits you! The acid corrodes you!
You are splashed with acid!
The acid burns!
It is a wand of acid (?/15).
Pikel hits you with a whip of freezing. Pikel freezes you.
You hit Pikel. You burn Pikel.
Pikel is moderately wounded.
Pikel zaps a wand.
The bolt of acid hits you!
* * * LOW HITPOINT WARNING * * *
You are splashed with acid!
The acid burns!
You die...

,, , , , .# .#..., , * #.,
..... * #.###.... ** ,
......### , , , .........
* ######......##+ ,
#....#K........
#####....#@........ ,*,
#........#!........... ,,
#........#............ ,,
###........#............ *
*
#.#........#............*
,#..........#............
* ,#.#........##........##
#.#........##.........#
,###.#........##...).....#


You could see Pikel.

Vanquished Creatures
  A slave (D:4)
  An ogre (D:3)
  2 bullfrogs (Sewer)
  A scorpion (D:4)
  A hound (D:3)
  An orc priest (D:4)
  Crazy Yiuf (D:2)
  2 centaur skeletons (D:4)
  An orc wizard (D:3)
  11 adders
  A river rat (D:3)
  7 oozes
  7 worms
  20 leopard geckos
  12 orcs
  4 ball pythons (Sewer)
  17 giant cockroaches
  7 goblins
  5 hobgoblins
  2 quokkas (D:3)
  4 bats
  11 frilled lizards
  7 kobolds
  A quokka skeleton (D:4)
  8 rats
135 creatures vanquished.

Notes
Turn   | Place    | Note
-------+----------+-------------------------------------------
     0 | D:1      | vishdafish the Deep Dwarf Necromancer began the quest for the Orb.
     0 | D:1      | Reached XP level 1. HP: 15/15 MP: 3/3
   773 | D:1      | Reached skill level 1 in Fighting
   773 | D:1      | Reached XP level 2. HP: 14/25 MP: 1/5
  1474 | D:2      | Reached XP level 3. HP: 17/31 MP: 2/6
  2067 | D:2      | Reached XP level 4. HP: 17/39 MP: 4/7
  2092 | D:2      | Learned a level 3 spell: Vampiric Draining
  2433 | D:2      | Found a runed door.
  2437 | D:2      | Noticed Crazy Yiuf
  2443 | D:2      | Killed Crazy Yiuf
  2443 | D:2      | Reached skill level 1 in Axes
  2868 | D:3      | Reached XP level 5. HP: 31/46 MP: 0/8
  3075 | D:3      | Found a glowing drain.
  3084 | Sewer    | Entered a sewer
  3271 | Sewer    | Reached skill level 1 in Armour
  3397 | Sewer    | Reached XP level 6. HP: 55/55 MP: 3/10
  4379 | D:3      | Reached XP level 7. HP: 21/62 MP: 2/11
  4955 | D:4      | Noticed Pikel
  4960 | D:4      | Splashed by Pikel's acid

Vault maps used:
D:1:      dpeg_arrival_rooms_c
D:2:      uniq_crazy_yiuf_cottage
D:3:      lightli_sewer_entry_pipes
D:4:      uniq_natasha, uniq_menkaure, uniq_pikel
Sewer:    sewer_frog_island_02

Skill      XL: |  1  2  3  4  5  6  7 |
---------------+----------------------+-----
Fighting       | 1 2 3 |  3.2
Spellcasting   | 2 3 |  3.0
Dodging        | 3 4 |  4.3
Axes           | 1 2 3 4 |  4.4
Armour         | 1 2 3 |  3.2
Stealth        | |  2.4
Necromancy     | |  4.8

Action                   |  1- 3 |  4- 6 |  7- 9 || total
-------------------------+-------+-------+-------++-------
Melee: Unarmed           |    23 |       |       ||    23
       War axe           |     7 |   225 |    28 ||   260
 Cast: Pain              |    63 |     4 |     1 ||    68
       Vampiric Draining |       |    47 |    10 ||    57
 Stab: Sleeping          |       |     1 |       ||     1
  Eat: Chunk             |     4 |    13 |     4 ||    21
Armor: Robe              |    10 |    98 |       ||   108
       Ring mail         |       |    12 |    18 ||    30
Dodge: Dodged            |    23 |   232 |    27 ||   282

Table legend:
 A = Spawn XP
 B = Non-spawn XP
 C = Spawn XP percentage of total XP
 D = Spawn monster count
 E = Non-spawn monster count
 F = Spawn count percentage of total count
 G = Total turns spent on level
                    A         B        C        D         E        F      G
               +---------+---------+-------+---------+---------+-------+---------
         Total |       0 |    1046 |   0.0 |       0 |     134 |   0.0 |  4960
               +---------+---------+-------+---------+---------+-------+---------
           D:1 |       0 |      30 |   0.0 |       0 |      15 |   0.0 |  1443
           D:2 |       0 |     125 |   0.0 |       0 |      23 |   0.0 |  1234
           D:3 |       0 |     347 |   0.0 |       0 |      38 |   0.0 |  1501
           D:4 |       0 |     200 |   0.0 |       0 |       8 |   0.0 |   360
         Sewer |       0 |     344 |   0.0 |       0 |      50 |   0.0 |   422
               +---------+---------+-------+---------+---------+-------+---------
